 Dungeon Crawl Stone Soup version 0.23.2-1-ga50397a (webtiles) character file.

Game seed: 7934768181905303529

6536 MalarOregon the Spear-Bearer (level 11, 0/81 HPs)
             Began as a Merfolk Gladiator on May 14, 2019.
             Was a Believer of Hepliaklqana.
             Splashed by an acid dragon's acid (10 damage)
             ... on level 10 of the Dungeon.
             The game lasted 00:14:54 (8939 turns).

MalarOregon the Spear-Bearer (Merfolk Gladiator)    Turns: 8939, Time: 00:14:55

Health: 0/81       AC:  2    Str: 16    XL:     11   Next: 1%
Magic:  11/11      EV: 18    Int: 10    God:    Hepliaklqana [**....]
Gold:   469        SH:  0    Dex: 15    Spells: 10/10 levels left

rFire    + . .     SeeInvis .   a - +0 trident
rCold    . . .     Gourm    .   (no shield)
rNeg     . . .     Faith    .   I - +2 ring mail {rF+}
rPois    .         Spirit   .   J - +0 helmet
rElec    .         Reflect  .   i - +0 cloak
rCorr    .         Harm     .   y - +0 pair of gloves
MR       .....                  (no boots)
Stlth    +.........             (no amulet)
HPRegen  0.23/turn              (no ring)
MPRegen  0.12/turn              (no ring)

@: lethally poisoned (0 -> -1), corroded
A: change form in water, swift swim, stealthy swim, reduced essence
a: Ancestor Life: Knight, Ancestor Life: Battlemage, Ancestor Life: Hexer,
Recall Ancestor, Ancestor Identity, Renounce Religion


You were on level 10 of the Dungeon.
You worshipped Hepliaklqana.
Hepliaklqana was pleased with you.
You were not hungry.

You visited 2 branches of the dungeon, and saw 11 of its levels.
You also visited: Sewer and Ossuary.

You collected 469 gold pieces.

Inventory:

Hand Weapons
 a - a +0 trident (weapon)
 s - a +0 blowgun
   (You took it off a kobold in a sewer)
 x - the +7 flail of Integrity {flame, rPois, unknown}
   (You found it on level 5 of the Dungeon)

   It has been specially enchanted to burn those struck by it, causing extra
   injury to most foes and up to half again as much damage against particularly
   susceptible opponents.
   It protects you from poison.
Missiles
 F - 2 tomahawks of dispersal (quivered) {!f}
Armour
 i - a +0 cloak (worn)
   (You found it on level 4 of the Dungeon)
 y - a +0 pair of gloves (worn)
   (You found it on level 6 of the Dungeon)
 I - a +2 ring mail of fire resistance (worn)
   (You found it on level 7 of the Dungeon)
 J - a +0 helmet (worn)
Jewellery
 j - an uncursed ring of ice {unknown}
   (You found it on level 8 of the Dungeon)
 w - an uncursed ring of positive energy {unknown}
   (You found it on level 5 of the Dungeon)
 K - a cursed amulet of inaccuracy {unknown}
   (You found it on level 10 of the Dungeon)
Wands
 c - a wand of disintegration (15)
   (You found it on level 8 of the Dungeon)
 d - a wand of iceblast (15)
   (You found it on level 8 of the Dungeon)
 u - a wand of enslavement (17)
   (You found it on level 3 of the Dungeon)
Scrolls
 f - 3 scrolls of identify {@r1}
 h - 7 scrolls of teleportation {@r4}
 k - 6 scrolls of remove curse {@r2}
 l - a scroll of immolation {!r}
 p - 2 scrolls of summoning
 q - 3 scrolls of enchant armour
 E - 2 scrolls of magic mapping
 H - a scroll of blinking {unknown}
Potions
 b - 2 potions of degeneration {unknown}
 g - 3 potions of heal wounds {@q2}
 m - 2 potions of ambrosia {unknown}
 n - a potion of might
 o - 4 potions of mutation {!q}
 r - 4 potions of agility
 t - a potion of flight
 v - 5 potions of lignification {!q}
 z - 2 potions of curing {@q1}
 A - 2 potions of cancellation
 B - a potion of haste {@q3}
 C - 2 potions of invisibility
 D - a potion of brilliance {unknown}
 G - a potion of magic {unknown}
Comestibles
 e - 13 rations {!d}
 L - 6 chunks of flesh


   Skills:
 + Level 9.9 Fighting
 - Level 14.0 Polearms
 - Level 2.0 Throwing
 + Level 2.7 Armour
 + Level 11.9 Dodging


You had 10 spell levels left.
You didn't know any spells.
Your spell library contained the following spells:

 Spells                   Type           Power        Failure   Level  Hunger
 Animate Skeleton         Necr           N/A          56%         1    ##.....
 Apportation              Tloc           #.....       56%         1    ##.....
 Confusing Touch          Hex            #.....       56%         1    ##.....
 Freeze                   Ice            #...         56%         1    ##.....
 Summon Small Mammal      Summ           #...         56%         1    ##.....
 Call Imp                 Summ           #.......     71%         2    ###....
 Throw Frost              Conj/Ice       #.....       71%         2    ###....
 Call Canine Familiar     Summ           #.......     91%         3    ####...
 Ozocubu's Armour         Chrm/Ice       #.......     91%         3    ####...
 Summon Guardian Golem    Hex/Summ       #.......     91%         3    ####...
 Summon Ice Beast         Ice/Summ       #.......     100%        4    #####..
 Summon Lightning Spire   Summ/Air       #.......     100%        4    #####..
 Throw Icicle             Conj/Ice       #.......     100%        4    #####..


Dungeon Overview and Level Annotations

Branches:
Dungeon (10/15)            Temple (1/1) D:5
   Lair: D:8-11         Orc: D:9-12

Altars:
Ashenzari
Cheibriados
Dithmenos
Elyvilon
Fedhas
Gozag
Hepliaklqana
Kikubaaqudgha
Nemelex Xobeh
Okawaru
Qazlal
Sif Muna
Trog
Uskayaw
Vehumet
Wu Jian
Xom
Yredelemnul
Zin
The Shining One

Shops:
D:4 !   D:9 !

Annotations:
D:3 Sigmund


Message History

Attack whom?
Aim: an acid dragon You could not reach far enough!
The acid dragon barely misses Lufti.
The acid dragon claws Lufti.
You hit the orc priest.
Lufti hits the acid dragon.
You completely miss the orc priest.
The acid dragon bites Lufti!
The acid dragon closely misses Lufti.
The orc barely misses Lufti.
The orc priest hits you but does no damage.
You are poisoned.
The orc priest completely misses Lufti.
You hit the orc priest.
You feel sick.
Lufti barely misses the acid dragon.
The acid dragon bites Lufti!
The acid dragon claws Lufti.
You hit the orc priest but do no damage.
The orc closely misses Lufti.
The orc priest barely misses you.
The orc priest hits Lufti with a +1 hand axe of venom.
Lufti is destroyed!
You barely miss the orc priest.
You feel sick.
You puncture the orc priest!
You kill the orc priest!
The acid dragon spits acid at you. The splash of acid hits you!
You are splashed with acid!
You feel sick.
You feel sick.
Really walk into that dispersal trap?
You enter a dispersal trap!
The orc blinks!
The acid dragon blinks!
The orc blinks!
You blink.
You see here a +0 dagger.
You feel sick. The acid dragon spits acid at you.
The splash of acid misses you.
The acid dragon enters a dispersal trap!
The orc blinks!
You blink.
The acid dragon blinks!
The orc hits you with a +0 club.
* * * LOW HITPOINT WARNING * * *
You feel sick. The orc misses you.
The acid dragon enters a dispersal trap!
The orc blinks! x2; You blink.
The acid dragon blinks!
You feel sick.
You feel sick. The acid dragon spits acid at you. The splash of acid hits you!
* * * LOW HITPOINT WARNING * * *
The acid corrodes you!
You are splashed with acid!
* * * LOW HITPOINT WARNING * * *
You feel sick. The acid dragon spits acid at you. The splash of acid hits you!
* * * LOW HITPOINT WARNING * * *
The acid corrodes you!
You are splashed with acid!
You die...

#......#####..##
......## #...# #....
.....# ###..## #....
...## ##.....# ##....
..# #......## ##.....
#.......## ##......
##........# ##.......
#.........## ##........
##......@..##
##......÷..
#..........###..........
####....#............÷..
######........###....
...#........## #####
.#........## #......D.##
#.........##
............####


You could see an acid dragon.

Vanquished Creatures
  The ghost of Killmatronix the Quickloader, a novice KoHu (D:6)
  3 hippogriffs
  7 yaks
  2 hungry ghosts
  Purgy (Sewer)
  An orc warrior (D:9)
  A black bear (D:7)
  3 ice beasts
  3 sky beasts
  2 centaurs (D:5)
  2 big kobolds
  4 bullfrogs
  7 scorpions
  6 wights
  2 crimson imps (D:5)
  A howler monkey (D:4)
  A jelly (D:8)
  A quasit (D:9)
  A centaur zombie (Ossuary)
  3 orc priests
  3 human zombies (Ossuary)
  11 orc wizards
  2 bullfrog skeletons
  5 iguanas
  7 worker ants
  A big kobold zombie (Ossuary)
  3 mummies (Ossuary)
  3 gnolls (D:4)
  A howler monkey skeleton (D:4)
  4 scorpion zombies (Ossuary)
  11 adders
  2 shadow imps
  An ooze (D:2)
  2 adder skeletons
  2 worms
  2 dart slugs
  5 leopard geckos
  29 orcs
  A giant cockroach (D:2)
  A gnoll zombie (Ossuary)
  6 goblins
  7 hobgoblins
  4 jackals (D:3)
  14 kobolds
  7 quokkas
  A ball python (D:4)
  A ball python skeleton (D:6)
  6 bats
  6 frilled lizards
  A giant cockroach zombie (D:6)
  A goblin zombie (Ossuary)
  5 hobgoblin zombies (Ossuary)
  A leopard gecko skeleton (D:4)
  2 orc zombies (Ossuary)
  A quokka skeleton (D:4)
  5 rats
216 creatures vanquished.

Vanquished Creatures (collateral kills)
  A hippogriff (D:10)
  A human (D:7)
  A sky beast (D:7)
  A phantom (D:8)
  A necrophage (D:9)
  A big kobold (D:9)
  A bullfrog (D:7)
  2 wights
  A crimson imp (D:8)
  3 orc wizards
  2 hounds (D:8)
  A centaur skeleton (D:6)
  2 iguanas (D:7)
  A worker ant (D:6)
  5 adders
  7 orcs
  2 kobolds
33 creatures vanquished.

Vanquished Creatures (others)
  5 ancestors
5 creatures vanquished.

Grand Total: 254 creatures vanquished

Notes
Turn   | Place    | Note
-------+----------+-------------------------------------------
     0 | D:1      | MalarOregon the Merfolk Gladiator began the quest for the
                  | Orb.
     0 | D:1      | Reached XP level 1. HP: 16/16 MP: 1/1
   151 | D:1      | Reached XP level 2. HP: 15/23 MP: 2/2
   614 | D:2      | Reached skill level 5 in Polearms
   643 | D:2      | Reached XP level 3. HP: 19/28 MP: 3/3
  1004 | D:2      | Reached XP level 4. HP: 28/35 MP: 4/4
  1147 | D:2      | Found a snail-covered altar of Cheibriados.
  1475 | D:3      | Reached skill level 6 in Polearms
  1499 | D:3      | Noticed a bullfrog
  1516 | D:3      | Killed a bullfrog
  1516 | D:3      | Reached skill level 5 in Dodging
  1516 | D:3      | Reached XP level 5. HP: 28/41 MP: 5/5
  1621 | D:3      | Noticed Sigmund
  2174 | D:4      | Reached skill level 7 in Polearms
  2373 | D:4      | Reached XP level 6. HP: 39/48 MP: 6/6
  2378 | D:4      | Found Qoub's Distillery.
  2409 | D:4      | Found a glowing drain.
  2515 | Sewer    | Entered a sewer
  2518 | Sewer    | Noticed Purgy
  2556 | Sewer    | Killed Purgy
  2670 | Sewer    | Reached skill level 8 in Polearms
  2928 | D:4      | Reached XP level 7. HP: 55/55 MP: 7/7
  3490 | D:4      | Reached skill level 9 in Polearms
  3602 | D:5      | Entered Level 5 of the Dungeon
  3726 | D:5      | Reached skill level 5 in Fighting
  3803 | D:5      | Reached skill level 10 in Polearms
  3803 | D:5      | Reached XP level 8. HP: 36/62 MP: 8/8
  3845 | D:5      | Got an ancient flail
  3856 | D:5      | Found a sand-covered staircase.
  3860 | Ossuary  | Entered an ossuary
  4219 | Ossuary  | Reached skill level 11 in Polearms
  4783 | D:5      | Found a staircase to the Ecumenical Temple.
  4917 | Temple   | Entered the Ecumenical Temple
  4927 | Temple   | Became a worshipper of Hepliaklqana the Forgotten
  5241 | D:5      | Reached XP level 9. HP: 36/63 MP: 9/9
  5329 | D:5      | Reached skill level 12 in Polearms
  5403 | D:6      | Found a basalt altar of Yredelemnul.
  5442 | D:6      | Found an iron altar of Okawaru.
  5533 | D:6      | Found a runed translucent door.
  5588 | D:6      | Noticed Killmatronix's ghost (novice KoHu)
  5745 | D:6      | Found an ancient bone altar of Kikubaaqudgha.
  5941 | D:6      | Reached skill level 13 in Polearms
  5959 | D:6      | Killed Killmatronix's ghost
  6048 | D:7      | Reached * piety under Hepliaklqana
  6243 | D:7      | Reached XP level 10. HP: 60/72 MP: 10/10
  6513 | D:8      | Reached skill level 14 in Polearms
  6513 | D:8      | Reached skill level 10 in Dodging
  7681 | D:9      | Reached skill level 1 in Armour
  8331 | D:9      | Reached ** piety under Hepliaklqana
  8348 | D:9      | Found Eguore's Distillery.
  8815 | D:10     | Entered Level 10 of the Dungeon
  8891 | D:10     | Reached XP level 11. HP: 74/81 MP: 11/11
  8939 | D:10     | Splashed by an acid dragon's acid

Skill      XL: |  1  2  3  4  5  6  7  8  9 10 |
---------------+-------------------------------+-----
Polearms       | 5 6 7 8 10 11 13 14 | 14.0
Fighting       | 3 4 5 6 7 9 |  9.9
Dodging        | 5 6 7 8 9 11 | 11.9
Armour         | 2 |  2.7
Throwing       | |  2.0

Action                   |  1- 3 |  4- 6 |  7- 9 | 10-12 || total
-------------------------+-------+-------+-------+-------++-------
Melee: Trident           |   129 |   191 |   636 |   384 ||  1340
       Tailslap          |       |     2 |       |       ||     2
Throw: Throwing net      |       |     4 |       |       ||     4
  Use: Scroll            |       |     9 |    12 |       ||    21
 Stab: Sleeping          |     5 |     2 |     3 |       ||    10
       Distracted        |       |       |     5 |     3 ||     8
  Eat: Chunk             |       |     7 |     9 |     8 ||    24
       Ration            |       |       |     1 |     1 ||     2
Armor: Leather armour    |    44 |    49 |       |       ||    93
       Troll leather arm |       |     7 |    66 |       ||    73
       Ring mail         |       |       |       |    83 ||    83
Dodge: Dodged            |    91 |   141 |   316 |   203 ||   751
